Map: Catalyst LE

Players

TRUE - Winner!

  • Race: Zerg Zerg
  • Spawn Location: 11:00

Bioice

  • Race: Zerg Zerg
  • Spawn Location: 5:00

Event: WCS Austin 2018

VOD

Have the link to the VOD?

Description

Time

  • Played on: June 1, 2018, 5:35 p.m.
  • Length: 4:23

All games in this series

Show
View Real Time Build Order
Export as new Build Order

TRUE Zerg - Winner!

Build Orders: 1 Base Baneling Bust, Pool First 

Get SALT Encoding   

  12  0:00  Drone  
  13  0:12  Extractor  
  12  0:24  Spawning Pool  
  12  0:28  Drone  
  12  0:33  Drone  
  13  0:38  Drone  
  14  0:49  Overlord  
  14  1:11  Zergling x4  
  15  1:12  Metabolic Boost, Zergling x2  
  17  1:22  Zergling x2  
  18  1:33  Baneling Nest, Zergling x2  
  18  1:43  Zergling x2  
  19  1:57  Zergling x2  
  20  2:05  Zergling x2  
  21  2:16  Hatchery  
  21  2:18  Baneling  
  21  2:21  Baneling  
  20  2:26  Zergling x2  
  21  2:31  Baneling x2  
  21  2:46  Zergling x2  
  21  2:47  Zergling x2  
  22  2:55  Overlord  
  20  3:08  Drone  
  20  3:09  Drone  
  22  3:14  Baneling x2  
  22  3:25  Queen  
  24  3:28  Drone  
  24  3:32  Baneling  
  25  3:36  Drone x2  
  24  3:42  Drone  
  24  3:45  Drone  
  25  3:51  Drone  
  25  3:52  Drone  
  27  4:02  Drone  
  28  4:07  Drone  
Show
View Real Time Build Order
Export as new Build Order

Bioice Zerg 

Build Orders: Hatch First 

Get SALT Encoding   

  12  0:01  Drone  
  13  0:13  Overlord  
  13  0:18  Drone  
  14  0:31  Drone x2  
  16  0:51  Hatchery  
  16  0:53  Drone  
  16  0:57  Drone  
  17  1:00  Drone  
  18  1:06  Extractor  
  17  1:15  Spawning Pool  
  17  1:18  Drone  
  17  1:22  Drone  
  18  1:28  Drone  
  19  1:39  Drone  
  20  1:49  Overlord  
  20  2:04  Queen x2  
  20  2:05  Zergling x4  
  26  2:13  Spine Crawler  
  26  2:15  Zergling x2  
  26  2:30  Zergling x2  
  26  2:31  Zergling x2  
  27  2:49  Zergling x4  
  22  3:02  Zergling x2  
  19  3:06  Zergling x2  
  18  3:22  Drone  
  18  3:23  Hatchery  
  19  3:27  Drone  
  15  3:47  Drone  
  15  3:48  Drone x2  
  17  4:03  Drone  
Tags
 
Add a new tag
Caveats
  • Supply blocks, unpowered buildings, or Contaminate may cause inaccurate times.
  • Supply counts are checked every 10 seconds.